Map: Apotheosis LE

Players

Xarg - Winner!

  • Race: Protoss Protoss

Gracz

  • Race: Terran Terran
  • League: Silver

VOD

Have the link to the VOD?

Description

Time

  • Played on: Oct. 24, 2016, 9:55 a.m.
  • Length: 11:43
Show
View Real Time Build Order
Export as new Build Order

Xarg Protoss - Winner!

Build Orders:  

Get SALT Encoding   

  12  0:10  Probe (Chrono Boost)  
  13  0:20  Probe (Chrono Boost)  
  14  0:31  Probe (Chrono Boost)  
  15  0:42  Pylon  
  15  1:00  Probe (Chrono Boost)  
  15  1:04  Gateway  
  16  1:09  Pylon  
  16  1:11  Probe (Chrono Boost)  
  17  1:21  Assimilator, Probe (Chrono Boost)  
  18  1:26  Assimilator  
  18  1:32  Probe (Chrono Boost)  
  19  1:40  Forge  
  19  1:42  Probe (Chrono Boost)  
  20  1:53  Probe (Chrono Boost)  
  21  1:59  Zealot, Cybernetics Core  
  21  2:04  Probe (Chrono Boost)  
  25  2:16  Probe (Chrono Boost)  
  25  2:18  Photon Cannon  
  25  2:29  Zealot  
  27  2:39  Stargate  
  27  2:44  Pylon  
  27  2:58  Stalker, Photon Cannon  
  29  3:21  Void Ray  
  33  3:32  Stargate  
  33  3:36  Pylon  
  33  3:42  Protoss Air Weapons Level 1  
  33  3:54  Stalker  
  35  4:05  Photon Cannon  
  35  4:08  Photon Cannon  
  31  4:36  Void Ray  
  35  4:58  Unknown, Nexus  
  35  5:18  Void Ray  
  38  5:30  Zealot  
  40  5:39  Probe (Chrono Boost)  
  41  5:44  Void Ray  
  45  6:04  Void Ray  
  45  6:08  Pylon  
  45  6:09  Unknown  
  49  6:12  Pylon  
  49  6:14  Probe (Chrono Boost)  
  48  6:25  Probe (Chrono Boost)  
  38  6:41  Void Ray  
  37  6:48  Void Ray  
  45  7:21  Unknown, Nexus  
  45  7:25  Void Ray  
  44  8:23  Void Ray  
  44  8:31  Void Ray  
  44  8:33  Unknown  
  52  8:37  Probe (Chrono Boost)  
  53  8:46  Assimilator  
  53  8:48  Probe (Chrono Boost)  
  54  8:59  Probe (Chrono Boost)  
  54  9:01  Void Ray  
  55  9:09  Probe (Chrono Boost)  
  60  9:15  Fleet Beacon  
  60  9:20  Probe (Chrono Boost)  
  61  9:28  Void Ray  
  62  9:32  Probe (Chrono Boost)  
  66  9:41  Void Ray  
  66  9:44  Probe (Chrono Boost)  
  71  9:56  Probe (Chrono Boost)  
  73  10:08  Probe (Chrono Boost)  
  73  10:20  Probe (Chrono Boost)  
  74  10:32  Probe (Chrono Boost)  
  74  10:35  Pylon  
  75  10:40  Assimilator  
  76  10:44  Probe (Chrono Boost)  
  76  10:47  Void Ray  
  76  10:53  Pylon  
  76  10:56  Pylon  
  86  11:00  Pylon  
  87  11:13  Probe (Chrono Boost)  
  87  11:25  Probe (Chrono Boost)  
Show
View Real Time Build Order
Export as new Build Order

Gracz Terran 

Build Orders:  

Get SALT Encoding   

  12  0:05  SCV  
  13  0:21  Supply Depot  
  13  0:25  SCV  
  14  0:30  Refinery  
  14  0:37  SCV  
  14  0:40  Refinery  
  15  0:55  SCV  
  16  1:07  SCV  
  17  1:19  SCV  
  17  1:20  Barracks  
  17  1:25  Barracks  
  18  1:34  SCV  
  19  1:44  Barracks  
  19  1:51  SCV  
  20  2:04  SCV  
  21  2:16  SCV, Reaper  
  21  2:19  Supply Depot  
  23  2:27  Supply Depot  
  23  2:39  Supply Depot  
  23  2:40  Reaper x2  
  25  2:54  Reaper  
  26  3:05  Supply Depot  
  26  3:13  Reaper x2  
  26  3:16  Factory  
  28  3:27  Reaper  
  29  3:45  Reaper x2  
  31  4:06  Reaper  
  32  4:16  Starport  
  32  4:17  Factory Tech Lab, Reaper x2  
  33  4:38  Marine  
  34  4:47  Factory, Cyclone  
  34  4:49  Marine x2  
  40  4:55  Marine  
  38  5:06  Marine  
  37  5:25  Marine x2  
  37  5:26  Marine  
  40  5:30  Cyclone  
  40  5:31  Factory Tech Lab  
  44  5:37  Starport Reactor, Supply Depot  
  44  5:43  Marine  
  44  6:24  Marine x2  
  44  6:25  Marine  
  35  6:49  Mag-Field Accelerator  
  35  6:50  Cyclone x2  
  35  6:51  Medivac x2  
  48  6:57  Barracks Reactor  
  48  6:58  Barracks Tech Lab  
  46  7:01  Supply Depot  
  46  7:02  Barracks Reactor  
  46  7:09  Orbital Command  
  46  7:32  Cyclone  
  46  7:34  Marine  
  46  7:35  Marine  
  52  7:53  Marine x4  
  52  7:54  Marine  
  43  8:08  Viking  
  32  8:26  Viking  
  31  8:27  Marine  
  31  8:28  Marine x2  
  34  8:48  Viking  
  36  8:51  Cyclone  
  40  8:56  Marine x3  
  43  9:04  SCV  
  43  9:07  Viking  
  46  9:27  Marine x2  
  46  9:28  Marine x3  
  51  9:34  Stimpack  
  51  9:41  Viking  
  51  9:42  Viking  
  51  9:45  Marine  
  28  10:26  Marine  
  28  10:27  Marine x4  
  33  10:29  Unknown, Command Center  
  33  10:31  Widow Mine  
  35  10:39  Medivac  
  37  10:44  Marine x2  
  37  10:45  Marine  
  40  11:16  Marine x3  
  40  11:17  Marine  
  31  11:40  Unknown  
Tags
 
Add a new tag
Caveats
  • Supply blocks, unpowered buildings, or Contaminate may cause inaccurate times.
  • Supply counts are checked every 10 seconds.